 Dungeon Crawl Stone Soup version 0.25-a0-413-g3b4b6a4ccc (webtiles) character file.

Game seed: 1949767165264874767, levelgen mode: deterministic

5 MrRokkomies the Ducker (level 1, -12/16 HPs)
             Began as a Spriggan Abyssal Knight on Jan 17, 2020.
             Was a Follower of Lugonu.
             Killed from afar by a wretched star (13 damage)
             ... with a lance of force
             ... on level 2 of the Abyss.
             The game lasted 00:00:49 (135 turns).

MrRokkomies the Ducker (Spriggan Abyssal Knight)     Turns: 135, Time: 00:00:49

Health: -12/16     AC:  2    Str: 13    XL:     1   Next: 66%
Magic:  0/3        EV: 19    Int: 13    God:    Lugonu [*.....]
Gold:   0          SH:  0    Dex: 15    Spells: 0/0 levels left

rFire    . . .     SeeInvis +   a - +1 short sword
rCold    . . .     Gourm    .   (shield restricted)
rNeg     . . .     Faith    .   b - +0 robe
rPois    .         Spirit   .   (helmet restricted)
rElec    .         Reflect  .   (no cloak)
rCorr    .         Harm     .   (gloves unavailable)
MR       .....     Rnd*Rage +   (boots unavailable)
Stlth    ..........             (no amulet)
HPRegen  0.00/turn              (no ring)
MPRegen  0.08/turn              (no ring)

@: berserking, very quick
A: very small, unfitting armour, see invisible, [berserk 3], herbivore, speed 3,
[inhibited regeneration], slow metabolism 2
a: Depart the Abyss, Renounce Religion


You were on level 2 of the Abyss.
You worshipped Lugonu.
Lugonu was aware of your devotion.
You were not hungry.

You visited 0 branches of the dungeon, and saw 0 of its levels.
You visited the Abyss 1 time.

Inventory:

Hand Weapons
 a - a +1 short sword (weapon)
Armour
 b - a +0 robe (worn)
Wands
 e - a wand of acid (7)
Scrolls
 d - a scroll of amnesia {unknown}
Comestibles
 c - a ration


   Skills:
 - Level 2.4 Fighting
 * Level 2.1 Short Blades
 + Level 4.2 Dodging
 + Level 0.0 Stealth
 * Level 1.7 Invocations


You couldn't memorise any spells.
You didn't know any spells.
Your spell library was empty.

Dungeon Overview and Level Annotations

Branches:
Dungeon (0/15)

Altars:


Innate Abilities, Weirdness & Mutations

You are very small and have problems with some larger weapons.
You are too small for most types of armour.
You have supernaturally acute eyesight. (SInv)
You are a herbivore.
You cover ground extremely quickly.
You need to consume almost no food.
[You have an uncontrollable temper.]
[You do not regenerate when monsters are visible.]


Message History

The eye of draining is moderately wounded.
The eye of draining gazes at you.
You feel your power leaking away.
You hit the eye of draining.
The eye of draining is moderately wounded.
You puncture the eye of draining!
The eye of draining is heavily wounded.
You hit the eye of draining.
The eye of draining is severely wounded.
An ufetubus comes into view.
The eye of draining gazes at you.
You completely miss the eye of draining.
The eye of draining is severely wounded.
The ufetubus shouts!
You hit the eye of draining.
The eye of draining is almost dead.
The wretched star glows turbulently.
The lance of force hits you!
Ouch! That really hurt!
You die...

#.)# . ..... ..
..... ... ..#
#..# ..# ≈ .
####..##..##
.\.##......... .
⌠.⌠. #..........
# ###..## .# ≈
### ..##.@##..#
≈ ##.
#...*..G...... .
................
.
##..##..##..##.
##..##..##..#
..# . .... .....
.5.
...............
... #
..##..##..##
.##. ## .# .#
..# .


You could see a wretched star, an eye of draining and an ufetubus.

Vanquished Creatures
  An ufetubus (Abyss:2)
1 creature vanquished.

Notes
Turn   | Place    | Note
-------+----------+-------------------------------------------
     0 | Abyss:1  | MrRokkomies the Spriggan Abyssal Knight began the quest for
                  | the Orb.
     0 | Abyss:1  | Reached XP level 1. HP: 11/11 MP: 3/3
    56 | Abyss:1  | Noticed a wretched star
   122 | Abyss:2  | Reached skill level 4 in Dodging
   123 | Abyss:2  | Noticed an eye of draining
   125 | Abyss:2  | Noticed a wretched star
   135 | Abyss:2  | Killed from afar by a wretched star

Levels and vault maps discovered:
Abyss:2:  evilmike_abyss_exit_17, evilmike_abyss_exit_17

Skill      XL: |  1 |
---------------+----+-----
Dodging        | 4 |  4.2
Fighting       | |  2.4
Short Blades   | |  2.1
Invocations    | |  1.7

Action                   || total
-------------------------++-------
Melee: Short sword       ||    13
Evoke: Wand              ||     1
 Stab: Sleeping          ||     1
Dodge: Dodged            ||    10

Table legend:
 A = Non-vault XP
 B = Vault XP
 C = Vault XP percentage of total XP
 D = Non-vault monster count
 E = Vault monster count
 F = Vault count percentage of total count
                 A         B        C        D         E       F
            +---------+---------+-------+---------+---------+-------
      Total |       0 |       8 | 100.0 |       0 |       1 | 100.0
            +---------+---------+-------+---------+---------+-------
    Abyss:2 |       0 |       8 | 100.0 |       0 |       1 | 100.0
            +---------+---------+-------+---------+---------+-------
